 Dungeon Crawl Stone Soup version 0.21-a0-531-gacddea6 (webtiles) character file.

42 zero the Insei (level 3, 0/26 HPs)
             Began as a Barachi Transmuter on Dec 14, 2017.
             Killed by divine providence
             ... invoked by an orc priest
              (11 damage)
             ... on level 2 of the Dungeon.
             The game lasted 00:02:52 (1917 turns).

zero the Insei (Barachi Transmuter)                 Turns: 1917, Time: 00:02:53

Health: 0/26       AC:  2    Str: 11    XL:     3   Next: 56%
Magic:  3/6        EV: 20    Int: 19    God:
Gold:   37         SH:  0    Dex: 17    Spells: 0/6 levels left

rFire    . . .     SeeInvis .     - Unarmed
rCold    . . .     Gourm    .   (shield currently unavailable)
rNeg     . . .     Faith    .   (armour currently unavailable)
rPois    x         Spirit   .   (helmet currently unavailable)
rElec    .         Reflect  .   (cloak currently unavailable)
rCorr    .         Harm     .   (gloves currently unavailable)
MR       .....                  (boots currently unavailable)
Stlth    +.........             (no amulet)
HPRegen  0.08/turn              g - +5 ring of intelligence
MPRegen  0.10/turn              (no ring)

@: confused, spider-form (expiring), can't hop
A: tiny, +LOS, swims
a: End Transformation


You were on level 2 of the Dungeon.
You were not hungry.
You were a venomous arachnid creature.
You visited 1 branch of the dungeon, and saw 2 of its levels.

You collected 37 gold pieces.

Inventory:

Missiles
 a - 24 arrows
Armour
 b - a +0 robe (melded)
Jewellery
 g - a +5 ring of intelligence (left front leg)
Scrolls
 e - a scroll of teleportation
 f - 2 scrolls of fear {unknown}
Books
 c - a book of Changes

   Spells                             Type                      Level
   a - Beastly Appendage              Transmutation                1
   b - Sticks to Snakes               Transmutation                2
   c - Spider Form                    Transmutation/Poison         3
   d - Ice Form                       Ice/Transmutation            4
   e - Blade Hands                    Transmutation                5
Comestibles
 d - a bread ration
 h - a chunk of flesh


   Skills:
 - Level 1.2 Fighting
 - Level 2.1 Dodging
 + Level 4.1 Unarmed Combat
 - Level 2.1 Spellcasting
 + Level 3.3 Transmutations
 + Level 0.2 Poison Magic


You couldn't memorise any spells.
You knew the following spells:

 Your Spells              Type           Power        Failure   Level  Hunger
a - Beastly Appendage     Tmut           ##....       13%         1    #......
b - Sticks to Snakes      Tmut           ##......     17%         2    ##.....
c - Spider Form           Tmut/Pois      #.........   45%         3    ###....


Dungeon Overview and Level Annotations

Branches:
Dungeon (2/15)

Altars:


Innate Abilities, Weirdness & Mutations

Shadows flee at your approach. (+LOS)
You can swim through water.
((You cover ground slowly.))
((You can hop short distances.))


Message History

Boing!
Casting: Beastly Appendage
Confirm with . or Enter, or press ? or * to list all spells.
You turn into a venomous arachnid creature.
Your +0 robe melds into your body.
Your transformation is almost over.
A frilled lizard comes into view.
The orc wizard mumbles some strange words.
The orc wizard flickers and vanishes!
Deactivating autopickup; reactivate with Ctrl-A.
A puff of flame appears from out of thin air!
The puff of flame hits you!
Found a scroll labeled QAHUOG ERIJI.
You hit the frilled lizard.
You kill the frilled lizard!
You are confused.
A rat comes into view.
The orc priest invokes the aid of Beogh against you.
Beogh smites you!
You die...

#o).# #####
#..####...#
#.o.......#
#.#####..####...#
.........# ##.##
.)..###..# #.# .#
##..# #.#
#...#...## #.#
#.?.....s####.#
####...?.##...#
#r.......##<###
#...#....##.#
#..#####.##.#
.... #.##.# ###
#.#... #...#.
#.#. .


You could see an orc priest, an orc and a rat.

Vanquished Creatures
  An ooze (D:1)
  A dart slug (D:1)
  A leopard gecko (D:1)
  4 bats
  2 giant cockroaches (D:1)
  8 goblins (D:1)
  3 hobgoblins (D:1)
  5 kobolds (D:1)
  A frilled lizard (D:2)
  4 rats
30 creatures vanquished.

Vanquished Creatures (collateral kills)
  A bat (D:1)
  A goblin (D:1)
  A kobold (D:1)
3 creatures vanquished.

Grand Total: 33 creatures vanquished

Notes
Turn   | Place    | Note
-------+----------+-------------------------------------------
     0 | D:1      | zero the Barachi Transmuter began the quest for the Orb.
     0 | D:1      | Reached XP level 1. HP: 15/15 MP: 3/3
   253 | D:1      | Reached XP level 2. HP: 8/21 MP: 3/5
   610 | D:1      | Learned a level 2 spell: Sticks to Snakes
   932 | D:1      | Reached XP level 3. HP: 12/26 MP: 1/6
   935 | D:1      | Reached skill level 4 in Unarmed Combat
  1204 | D:1      | Learned a level 3 spell: Spider Form
  1917 | D:2      | Killed from afar by an orc priest

Vault maps used:
D:1:      dpeg_arrival_tiny_f, hangedman_feature_mirror, minmay_misc_feat_alley,
          kennysheep_small_spiral, minmay_liquid_box
D:2:      first_bread

Skill      XL: |  1  2  3 |
---------------+----------+-----
Transmutations | 3 |  3.3
Unarmed Combat | 4 |  4.1
Fighting       | |  1.2
Dodging        | |  2.1
Spellcasting   | |  2.1
Poison Magic   | |  0.2

Action                   || total
-------------------------++-------
Melee: Unarmed           ||    79
       Headbutt          ||     6
       Kick              ||     2
       Punch             ||     1
 Cast: Beastly Appendage ||     6
       Sticks to Snakes  ||     2
       Spider Form       ||     1
 Abil: Hop               ||     1
  Use: Scroll            ||     2
 Stab: Sleeping          ||     1
  Eat: Chunk             ||     3
       Royal jelly       ||     1
Armor: Robe              ||    25
Dodge: Dodged            ||    71

Table legend:
 A = Spawn XP
 B = Non-spawn XP
 C = Spawn XP percentage of total XP
 D = Spawn monster count
 E = Non-spawn monster count
 F = Spawn count percentage of total count
 G = Total turns spent on level
                    A         B        C        D         E        F      G
               +---------+---------+-------+---------+---------+-------+---------
         Total |       0 |      61 |   0.0 |       0 |      33 |   0.0 |  1917
               +---------+---------+-------+---------+---------+-------+---------
           D:1 |       0 |      58 |   0.0 |       0 |      30 |   0.0 |  1871
           D:2 |       0 |       3 |   0.0 |       0 |       3 |   0.0 |    46
               +---------+---------+-------+---------+---------+-------+---------
